AoeStats
← BananaBirb

Arabia

505519613Analyzed
2v2 RM · 21d ago on Sep 9, 2026· 58m 29s· 4 players
Game mode
Random Map
Map size
Medium (4 player)
Population
200
Speed
Normal
Resources
Standard
Victory
Conquest
Starting age
Dark Age
Ending age
Imperial Age
RankedLock teamsTeams togetherTeam positionsShared explorationLock speedFull tech treeHidden civsTurbo modeCheats
Victory
Defeat
🇺🇦 Tupi · Ukraine
820
+13
🇺🇦 Chinese · Ukraine
806
+14
🇩🇪 Mongols · Germany
760
-14
🇩🇪 Bohemians · Germany
744
-13
beccTpawHuu
10:27 Feudal Age
11:03 Double-Bit Axe
14:48 Loom
15:01 Horse Collar
23:02 Castle Age
21:57 Fletching
22:37 Padded Archer Armor
25:53 Heavy Plow
26:04 Bow Saw
25:44 Gold Mining
25:45 Stone Mining
25:53 Bodkin Arrow
27:37 Caciques
29:33 Leather Archer Armor
30:00 Ballistics
36:36 Imperial Age
35:01 Wheelbarrow
35:19 Arson
35:35 Squires
35:49 Forging
35:41 Scale Mail Armor
37:39 Hand Cart
39:11 Elite Ibirapema Warrior
39:49 Elite Blackwood Archer
40:07 Capped Ram
42:01 Iron Casting
41:41 Chain Mail Armor
41:27 Bracer
41:57 Ring Archer Armor
42:38 Siege Ram
44:03 Curare
45:33 Plate Mail Armor
46:07 Chemistry
56:13 Caravan
S.T.A.L.K.E.Rочок)
9:23 Feudal Age
9:51 Double-Bit Axe
10:26 Horse Collar
20:34 Castle Age
18:53 Gold Mining
18:58 Stone Mining
20:16 Padded Archer Armor
20:07 Fletching
21:23 Heavy Plow
21:34 Bow Saw
24:59 Thumb Ring
24:14 Crossbowman
26:57 Squires
26:45 Arson
27:31 Leather Archer Armor
27:11 Bodkin Arrow
28:30 Scale Mail Armor
28:41 Forging
30:23 Wheelbarrow
29:37 Loom
33:46 Chain Mail Armor
34:07 Iron Casting
36:47 Imperial Age
34:39 Hand Cart
37:50 Conscription
37:02 Arbalester
37:36 Elite Fire Lancer
40:07 Ballistics
40:48 Chemistry
42:12 Ring Archer Armor
41:43 Bracer
42:07 Elite Chu Ko Nu
44:27 Plate Mail Armor
44:58 Blast Furnace
56:25 Pikeman
KerryGold6761
12:44 Feudal Age
13:02 Loom
13:53 Double-Bit Axe
20:53 Castle Age
20:48 Wheelbarrow
25:42 Fletching
27:10 Bodkin Arrow
30:31 Chemistry
32:06 Hand Cart
31:15 Elite Skirmisher
33:49 Treadmill Crane
34:33 Ballistics
35:23 Bow Saw
41:24 Horse Collar
42:57 Heavy Plow
47:41 Scale Mail Armor
50:26 Imperial Age
53:28 Imperial Age
53:48 Onager
54:56 Light Cavalry
58:21 Two-Man Saw
58:26 Bracer
BananaBirb
3:44 Loom
10:22 Feudal Age
10:49 Double-Bit Axe
10:48 Horse Collar
12:41 Wheelbarrow
17:01 Gold Mining
21:02 Castle Age
20:30 Padded Archer Armor
20:21 Fletching
22:49 Hand Cart
22:53 Bloodlines
22:47 Husbandry
24:05 Town Watch
24:43 Bow Saw
29:14 Scale Mail Armor
29:20 Scale Barding Armor
29:32 Leather Archer Armor
29:12 Bodkin Arrow
31:36 Chain Barding Armor
31:31 Chain Mail Armor
31:29 Forging
33:04 Squires
38:49 Imperial Age
38:23 Stone Mining
39:12 Gold Shaft Mining
38:40 Heavy Plow
39:20 Ballistics
38:53 Onager
40:13 Elite Steppe Lancer
41:45 Stone Shaft Mining
41:23 Town Patrol
41:54 Plate Mail Armor
42:00 Iron Casting
41:28 Bracer
41:34 Pikeman
44:49 Chemistry
43:27 Elite Mangudai
50:38 Parthian Tactics
49:34 Heavy Cavalry Archer
50:44 Thumb Ring
51:49 Parthian Tactics
50:45 Heavy Cavalry Archer
Connection lost

Rejoining the realm…

Still unreachable

The connection could not be restored.

Session expired

The server has moved on; the page needs a fresh start.